 Dungeon Crawl Stone Soup version 0.29.1-1-gd02db6906a (webtiles) character file.

Game seed: 6929357614190366623

71438 croobank the Spry (level 14, -6/71 HPs)
             Began as a Felid Summoner on Oct 13, 2022.
             Was an Initiate of Gozag.
             Mangled by a demonic crawler (9 damage)
             ... on level 2 of the Spider Nest on Oct 14, 2022.
             The game lasted 04:13:08 (43932 turns).

croobank the Spry (Felid Summoner)                 Turns: 43932, Time: 04:13:08

Health: -6/71      AC:  3    Str:  4    XL:     14   Next: 97%
Magic:  0/39       EV: 32    Int: 21    God:    Gozag
Gold:   203        SH:  0    Dex: 19    Spells: 0/35 levels left
                                        Lives:  0   Deaths: 2

rFire   + . .      SeeInvis +   (weapon unavailable)
rCold   + + +      Faith    .   (shield unavailable)
rNeg    + + +      Spirit   +   (body armour unavailable)
rPois   +          Reflect  .   (helmet unavailable)
rElec   +          Harm     .   (cloak unavailable)
rCorr   +          Rampage  .   (gloves unavailable)
Will    ++...                   (boots unavailable)
Stlth   +++.......              e - amulet of Vehumet's Inspiration {Spirit Fragile rElec rC+++ Dex-4}
HPRegen 0.21/turn               y - ring of the Solemn God {Drain rN+++ rCorr Dex+6}
MPRegen 0.26/turn               H - ring of magical power

@: mighty, resistant, gold aura, invisible, quick
A: very small, claws 1, fangs 3, see invisible, speed 1, shaggy fur 3, stealthy
paws, no weapons or thrown items, no armour, multi-lived
a: Renounce Religion, Potion Petition, Call Merchant, Bribe Branch


You were on level 2 of the Spider Nest.
You worshipped Gozag.
Gozag was aware of your devotion.
You visited 7 branches of the dungeon, and saw 27 of its levels.

You collected 6614 gold pieces.
You spent 2102 gold pieces at shops.
You paid 4309 gold pieces to Gozag.

Inventory:

Jewellery
 e - the amulet of Vehumet's Inspiration (around neck) {Spirit Fragile rElec rC+++ Dex-4}
   (You acquired it on level 3 of the Dungeon)

   [amulet of guardian spirit]

   It causes incoming damage to be divided between your reserves of health and
   magic.
   Dex:       It affects your dexterity (-4).
   rC:        It renders you almost immune to cold.
   rElec:     It insulates you from electricity.
   Fragile:   It will be destroyed if unequipped.
 n - a ring of positive energy
 r - an amulet of regeneration
 y - the ring of the Solemn God (left paw) {Drain rN+++ rCorr Dex+6}
   (You found it on level 4 of the Lair of Beasts)

   [ring of dexterity]

   Dex:       It affects your dexterity (+6).
   rN:        It renders you almost immune to negative energy.
   rCorr:     It protects you from acid and corrosion.
   Drain:     It drains your maximum health when unequipped.
 D - a ring of positive energy
 F - an amulet of magic regeneration
 G - a ring of ice
 H - a ring of magical power (right paw)
 I - a +6 ring of strength
Wands
 f - a wand of flame (3)
 l - a wand of roots (19)
 o - a wand of paralysis (10)
 w - a wand of mindburst (9)
Scrolls
 c - 2 scrolls of fog
 h - 12 scrolls of identify
 s - 3 scrolls of teleportation
 z - 2 scrolls of noise
 K - 2 scrolls of silence
Potions
 a - 2 potions of curing
 b - a potion of resistance
 d - a potion of haste
 i - 7 potions of might
 j - 9 potions of flight
 k - 2 potions of mutation
 m - a potion of magic
 p - 2 potions of lignification
 x - 5 potions of attraction
 A - 3 potions of cancellation
 B - a potion of brilliance
 L - 3 potions of ambrosia
Miscellaneous
 C - a lightning rod (2/4)


   Skills:
 + Level 13.9 Fighting
 + Level 18.2 Dodging
 - Level 3.0 Stealth
 + Level 11.2 Spellcasting
 - Level 7.0 Conjurations
 - Level 5.0 Hexes
 + Level 11.6 Summonings
 - Level 4.7 Necromancy
 - Level 5.6 Translocations
 + Level 1.1 Transmutations
 + Level 7.1 Air Magic
 - Level 7.2 Poison Magic


You couldn't memorise any spells.
You knew the following spells:

 Your Spells              Type           Power      Damage    Failure   Level
a - Summon Small Mammal   Summ           100%       N/A       1%          1
b - Summon Cactus Giant   Summ           28%        N/A       8%          6
c - Call Canine Familiar  Summ           57%        N/A       1%          3
d - Summon Guardian Gole  Hex/Summ       46%        N/A       1%          3
e - Summon Lightning Spi  Summ/Air       50%        N/A       1%          4
f - Mephitic Cloud        Conj/Pois/Air  41%        N/A       1%          3
g - Airstrike             Air            20%        2d(3-19)  3%          4
h - Passage of Golubria   Tloc           35%        N/A       5%          4
i - Ignite Poison         Fire/Tmut/Pois 23%        N/A       5%          3
j - Dispel Undead         Necr           31%        3d14      9%          4

Your spell library contained the following spells:

 Spells                   Type           Power      Damage    Failure   Level
 Foxfire                  Conj/Fire      100%       2x1d9     1%          1
 Shock                    Conj/Air       100%       1d9       1%          1
 Call Imp                 Summ           57%        N/A       1%          2
 Poisonous Vapours        Pois/Air       82%        N/A       1%          2
 Gell's Gravitas          Tloc           35%        N/A       1%          3
 Swiftness                Air            41%        N/A       1%          3
 Teleport Other           Tloc           35%        N/A       1%          3
 Conjure Flame            Conj/Fire      26%        6-21      4%          3
 Iskenderun's Mystic Bla  Conj/Tloc      38%        2d9       4%          4
 Inner Flame              Hex/Fire       22%        N/A       6%          3
 Cause Fear               Hex            16%        N/A       8%          4
 Scorch                   Fire           22%        2d6       9%          2
 Flame Wave               Conj/Fire      26%        2d8       13%         4
 Sticky Flame             Conj/Fire      26%        2d5       13%         4
 Silence                  Hex/Air        18%        N/A       13%         5
 Leda's Liquefaction      Hex/Erth       11%        N/A       21%         4
 Agony                    Necr           31%        N/A       22%         5
 Freezing Cloud           Conj/Ice/Air   15%        6-21      22%         5
 Conjure Ball Lightning   Conj/Air       20%        3x3d6     43%         6
 Dispersal                Tloc           17%        N/A       65%         6
 Lee's Rapid Deconstruct  Erth           5%         3d7*      85%         5
 Statue Form              Tmut/Erth      9%         N/A       100%        6
 Storm Form               Tmut/Air       14%        N/A       100%        7
 Discord                  Hex            16%        N/A       100%        8
 Lehudib's Crystal Spear  Conj/Erth      13%        10d4      100%        8
 Maxwell's Capacitive Co  Air            20%        ∞         100%        8


Dungeon Overview and Level Annotations

Branches:
Dungeon (15/15)            Temple (1/1) D:6            Lair (5/5) D:8
 Shoals (1/4) Lair:3       Spider (2/4) Lair:2        Slime (0/5) Lair:4
    Orc (2/2) D:12            Elf (1/3) Orc:2        Vaults (0/5) D:14
 Depths (0/4) D:15

Altars:
Ashenzari
Cheibriados
Dithmenos
Elyvilon
Fedhas
Gozag
Hepliaklqana
Kikubaaqudgha
Makhleb
Nemelex Xobeh
Okawaru
Qazlal
Ru
Sif Muna
Trog
Uskayaw
Vehumet
Wu Jian
Xom
Yredelemnul
Zin
The Shining One
Jiyva

Shops:
D:6 [   D:13 *   Orc:2 (::(*!([   Spider:1 !

Annotations:
D:10 2 transporters, xian's ghost, journeyman DsAE
D:14 1 runed translucent door


Innate Abilities, Weirdness & Mutations

You have sharp claws.
You have razor-sharp teeth.
You have supernaturally acute eyesight. (SInv)
You cover ground quickly. (Speed+)
Your thick and shaggy fur keeps you warm. (AC +3, rC+)
Your paws help you pounce on unaware monsters.
You are incapable of wielding weapons or throwing items.
You cannot wear armour.
You gain extra lives every three experience levels.


Message History

Purchase which effect?
You no longer have enough gold to petition Gozag for potion effects.
You feel protected.
You fade into invisibility!
You feel very mighty all of a sudden.
The demonic crawler shrieks in warning!
The spark wasp misses you.
The tarantella touches your guardian golem!
The demonic crawler hits your guardian golem. x3
You hear a skittering sound.
You hear a faint skittering sound. x3
Okay, then.
Search for what [Enter for "scroll", or ? for help]? healing Can't find anything matching that.
The spark wasp closely misses you.
A redback comes into view.
Your guardian golem overheats!
The demonic crawler hits your guardian golem but does no damage.
The demonic crawler hits your guardian golem.
Flame seeps out of your guardian golem.
The demonic crawler hits your guardian golem!
Flame seeps out of your guardian golem.
The spark wasp completely misses your guardian golem.
The spark wasp stings your guardian golem but does no damage.
Your guardian golem is engulfed in blazing flames.
Flame seeps out of your guardian golem.
You see here 4 stones.
The tarantella touches your guardian golem!
Flame seeps out of your guardian golem.
The spark wasp stings your guardian golem!!
Your guardian golem disappears in a puff of smoke!
Your guardian golem explodes!
The fiery explosion engulfs the tarantella!!!
The tarantella dies!
The fiery explosion engulfs the spark wasp!!
You hear a hideous shriek!
The redback is distracted by your dazzling golden aura.
The spark wasp is engulfed in blazing flames.
The demonic crawler attacks as you move away!
The demonic crawler hits you!
You die...
Your body crumbles into a pile of gold.

...y..§s$.>..## ##..##..
.....C$§..)...# #^......
...#8...#..?..# #### ##.......
.#
###.##s....#####.<####........
####.......##....#^..####...
#........#...##...#..####
##§§.....##...#......[..#.
#....y..................#.
##§§§(..s@.......8.....##.
##....^....##.......###..
##...##....#.<.....#.#..
#....##..##............
#..#...#####....##......
#...#..$.. #.....#......
#....#..#... #....####.^..
#....####### ##.### #.... ###
##...


You could see a spark wasp (wandering, unable to see you), a demonic crawler and
a redback (wandering, unable to see you).

Vanquished Creatures
  Agnes (D:14)
  Gastronok (Orc:1)
  A ghost moth (Spider:1)
  2 spark wasps
  A hydra (D:15)
  A pharaoh ant (Lair:2)
  A sun moth (Lair:2)
  A deep elf archer (Elf:1)
  4 orc knights
  A deep elf zephyrmancer (Orc:2)
  A wolf spider (Spider:1)
  A manticore (D:13)
  2 ugly things (D:12)
  A demonic crawler (Lair:2)
  A rime drake (Lair:2)
  2 unseen horrors
  A polar bear (Lair:2)
  2 tarantellas
  A jumping spider (Spider:1)
  2 culicivoras
  A vampire (D:14)
  3 yaks
  2 vampire mosquitoes
  A warg (D:15)
  2 water moccasins
  10 orc warriors
  2 ogres
  3 centaurs
  2 bullfrogs
  4 electric eels
  2 orc priests
  4 orc wizards
  15 orcs
  A giant cockroach (D:4)
  2 hobgoblins (D:2)
  A kobold (D:10)
  A quokka (D:1)
  A bat (D:1)
  2 frilled lizards
  A rat (D:2)
  A spectral orc (D:15)
89 creatures vanquished.

Vanquished Creatures (collateral kills)
  Jorgrun (D:12)
  A dire elephant (Lair:5)
  A rakshasa (D:15)
  A vault guard (D:14)
  2 hydras (Lair:4)
  An ice dragon (D:15)
  2 catoblepae
  A jorogumo (Spider:2)
  3 boulder beetles (D:13)
  A centaur warrior (D:15)
  8 death yaks
  Urug (Orc:2)
  A fire crab (Lair:5)
  A pharaoh ant (Lair:2)
  3 skeletal warriors (D:14)
  A wizard (D:14)
  5 deep elf pyromancers
  A wolf spider (Lair:2)
  A deep elf zephyrmancer (Elf:1)
  2 lindwurms
  2 orc knights
  5 cyclopes
  3 necromancers (D:14)
  An orc sorcerer (Orc:2)
  6 ugly things
  4 elephants
  A water nymph (Lair:3)
  A naga mage (D:13)
  5 black mambas
  7 cane toads
  A gargoyle (D:12)
  A rime drake (Lair:1)
  2 efreet
  6 komodo dragons
  A hornet (shapeshifter) (D:13)
  3 trolls
  3 tarantellas
  2 hornets
  Prince Ribbit (D:7)
  3 blink frogs (Lair:3)
  A dream sheep (D:12)
  Sigmund (D:4)
  A vampire (D:11)
  3 jumping spiders
  5 wyverns
  A culicivora (Lair:2)
  A shadow (D:9)
  24 yaks
  15 humans (D:14)
  3 basilisks
  13 redbacks
  A human (shapeshifter) (D:14)
  2 steam dragons
  2 vampire mosquitoes (D:13)
  A warg (Orc:1)
  9 water moccasins
  An acid dragon (D:13)
  2 black bears
  An ice beast (D:7)
  15 orc warriors
  14 wolves
  16 centaurs
  6 ogres
  4 kobold brigands
  8 bullfrogs
  A two-headed ogre simulacrum (D:12)
  3 scorpions
  10 wights
  2 killer bees (D:7)
  3 hounds
  A jelly (D:5)
  6 orc priests
  An iguana (D:5)
  4 orc wizards
  A polar bear simulacrum (D:12)
  2 hell rats (Lair:3)
  A spriggan simulacrum (D:12)
  A nameless horror (Lair:5)
  8 adders
  15 gnolls
  2 naga simulacra (D:12)
  A shadow imp (D:5)
  A white imp (D:6)
  2 worms
  A dart slug (D:2)
  30 orcs
  4 endoplasms
  A giant cockroach (D:1)
  8 goblins
  5 hobgoblins
  17 kobolds
  A quokka (D:2)
  6 ball pythons
  A bat (D:1)
  A frilled lizard (D:1)
  4 rats
390 creatures vanquished.

Vanquished Creatures (others)
  An emperor scorpion (Spider:2)
  An entropy weaver (Spider:1)
  A jorogumo (Spider:1)
  A vault guard (D:14)
  An ice dragon (D:15)
  4 boulder beetles
  5 hydras
  A centaur warrior (D:13)
  A catoblepas (Lair:5)
  3 two-headed ogres
  A deep troll shaman (Lair:5)
  3 death yaks
  A shock serpent (D:13)
  2 deep elf knights (Orc:2)
  A pharaoh ant (Spider:1)
  A steelbarb worm (Lair:2)
  A deep elf pyromancer (D:12)
  4 wolf spiders
  2 deep elf zephyrmancers
  An orc sorcerer (Orc:1)
  An ugly thing (D:14)
  A salamander (D:13)
  A black mamba (Lair:5)
  5 elephants
  A cane toad (Lair:5)
  3 gargoyles (D:14)
  6 komodo dragons
  A rime drake (Lair:1)
  2 demonic crawlers (Lair:2)
  A hornet (D:9)
  A polar bear (Lair:3)
  6 tarantellas
  5 blink frogs (Lair:4)
  A dream sheep (D:12)
  4 culicivoras
  A culicivora (shapeshifter) (D:14)
  16 yaks
  3 basilisks
  A wyvern (D:8)
  11 redbacks
  3 humans (D:14)
  2 vampire mosquitoes (D:14)
  An acid dragon (D:11)
  A death yak simulacrum (D:12)
  2 water moccasins
  A nameless horror (Spider:2)
  Duvessa (D:4)
  2 ice beasts
  A sky beast (D:7)
  8 orc warriors
  A swamp drake (D:8)
  A black bear (D:7)
  11 wolves
  6 centaurs
  Blork the orc (D:4)
  2 kobold brigands
  A two-headed ogre simulacrum (D:12)
  7 wights
  Dowan (D:4)
  4 killer bees (D:7)
  An orc priest (D:5)
  A jelly (D:7)
  A gnoll bouda (D:7)
  2 iguanas (D:7)
  3 hell rats (Lair:3)
  A wolf simulacrum (D:12)
  A gnoll (D:7)
  5 orcs
  A kobold (D:8)
  3 bushes
  40 fungi
  82 plants
305 creatures vanquished.

Grand Total: 784 creatures vanquished

Notes
Turn   | Place    | Note
-------+----------+-------------------------------------------
     0 | D:1      | croobank the Felid Summoner began the quest for the Orb.
     0 | D:1      | Reached XP level 1. HP: 7/7 MP: 4/4
   264 | D:1      | Reached skill level 3 in Dodging
   264 | D:1      | Reached XP level 2. HP: 11/11 MP: 3/6
   267 | D:1      | Learned a level 2 spell: Call Imp
   701 | D:1      | Found a faded altar of an unknown god.
  1117 | D:2      | Reached XP level 3. HP: 14/14 MP: 4/7
  1121 | D:2      | Learned a level 3 spell: Call Canine Familiar
  1180 | D:2      | Reached XP level 4. HP: 18/18 MP: 1/9
  1181 | D:2      | Reached skill level 4 in Dodging
  3069 | D:3      | Identified a scroll of acquirement
  3069 | D:3      | Acquired the amulet of Vehumet's Inspiration {Spirit
                  | Fragile rElec rC+++ Dex-4}
  3091 | D:4      | Noticed Sigmund
  3097 | D:4      | Learned a level 3 spell: Summon Guardian Golem
  3180 | D:4      | Reached XP level 5. HP: 19/21 MP: 3/10
  3243 | D:4      | Noticed an ogre
  3254 | D:4      | Killed an ogre
  3255 | D:4      | Reached skill level 1 in Hexes
  3255 | D:4      | Reached skill level 5 in Summonings
  3346 | D:4      | Reached skill level 1 in Fighting
  3447 | D:4      | Noticed Blork the orc
  3467 | D:4      | Killed Blork the orc
  3468 | D:4      | Reached skill level 5 in Dodging
  3468 | D:4      | Gained mutation: You are covered in thick fur. (AC +2)
                  | [Felid growth]
  3468 | D:4      | Reached XP level 6. HP: 19/25 MP: 8/12
  3475 | D:4      | Noticed Duvessa
  3485 | D:4      | Killed Duvessa
  3490 | D:4      | Noticed Dowan
  3503 | D:4      | Killed Dowan
  3892 | D:4      | Killed Sigmund
  3893 | D:4      | Reached XP level 7. HP: 30/30 MP: 4/14
  3972 | D:5      | Entered Level 5 of the Dungeon
  4065 | D:5      | Found a sparkling altar of Nemelex Xobeh.
  4065 | D:5      | Found an iron altar of Okawaru.
  4221 | D:5      | Reached skill level 6 in Dodging
  4505 | D:5      | Identified the +2 leather armour of a Labyrinth {-Tele
                  | rPois Regen+ Stlth-}
  5205 | D:6      | Noticed a steam dragon
  5205 | D:6      | Found a staircase to the Ecumenical Temple.
  5205 | D:6      | Found Weompux's Antique Armour Shop.
  5218 | D:6      | Killed a steam dragon
  5219 | D:6      | Reached XP level 8. HP: 28/34 MP: 9/15
  5222 | D:6      | Reached skill level 5 in Hexes
  5331 | Temple   | Entered the Ecumenical Temple
  5331 | Temple   | Found a transporter.
  5331 | Temple   | Found a transporter.
  5333 | Temple   | Found a transporter.
  5333 | Temple   | Found a transporter.
  5412 | D:6      | Reached skill level 7 in Dodging
  5570 | D:6      | You fall into a shaft and drop 1 floor!
  5597 | D:7      | Reached skill level 5 in Spellcasting
  6008 | D:7      | Reached skill level 8 in Dodging
  6008 | D:7      | Reached XP level 9. HP: 31/40 MP: 10/18
  6378 | D:7      | Reached skill level 5 in Fighting
  6484 | D:7      | Learned a level 4 spell: Summon Lightning Spire
  6726 | D:7      | Noticed Prince Ribbit
  6743 | D:7      | Killed Prince Ribbit
  7147 | D:8      | Noticed a two-headed ogre
  7158 | D:8      | Killed a two-headed ogre
  7159 | D:8      | Reached skill level 9 in Dodging
  7159 | D:8      | Reached skill level 1 in Air Magic
  7608 | D:8      | Reached XP level 10. HP: 45/45 MP: 14/20
  8006 | D:8      | Found a staircase to the Lair.
  8125 | D:8      | Found an ornate altar of the Wu Jian Council.
  8176 | D:8      | Noticed a two-headed ogre
  8233 | D:8      | Killed a two-headed ogre
  8234 | D:8      | Reached skill level 10 in Dodging
  8725 | D:9      | Learned a level 3 spell: Mephitic Cloud
  8905 | D:9      | Found a hazy altar of Hepliaklqana.
  9020 | D:9      | Reached skill level 1 in Poison Magic
  9487 | D:10     | Entered Level 10 of the Dungeon
  9491 | D:10     | Noticed a two-headed ogre
  9501 | D:10     | Killed a two-headed ogre
  9522 | D:10     | Reached skill level 1 in Conjurations
  9542 | D:10     | Reached XP level 11. HP: 28/50 MP: 8/23
  9846 | D:10     | Found a transporter.
  9850 | D:10     | Noticed xian's ghost (journeyman DsAE)
  9927 | D:10     | Paralysed by a hornet for 1 turns
 10087 | D:10     | Found a transporter.
 11262 | Lair:1   | Entered Level 1 of the Lair of Beasts
 11266 | Lair:1   | Noticed a catoblepas
 11364 | Lair:1   | Reached skill level 11 in Dodging
 11737 | Lair:1   | Reached skill level 5 in Air Magic
 11797 | Lair:1   | Killed a catoblepas
 13074 | Lair:1   | You fall into a shaft and drop 1 floor!
 13078 | Lair:2   | Noticed a lindwurm
 13744 | Lair:2   | Found a hole to the Spider Nest.
 13786 | Lair:2   | Gained mutation: Your thick and shaggy fur keeps you warm.
                  | (AC +3, rC+) [Felid growth]
 13786 | Lair:2   | Reached XP level 12. HP: 56/56 MP: 15/25
 13986 | Lair:2   | HP: 2/56 [rime drake/flash freeze (14)]
 15045 | D:6      | Found an opulent altar of Gozag.
 15057 | D:6      | Became a worshipper of Gozag Ym Sagoz the Greedy
 16332 | Lair:3   | Reached skill level 12 in Dodging
 16622 | Lair:3   | Reached skill level 10 in Summonings
 16786 | Lair:3   | Found a staircase to the Shoals.
 17407 | Lair:3   | Reached skill level 5 in Poison Magic
 18064 | Lair:4   | Noticed a five-headed hydra
 18072 | Lair:4   | Killed a five-headed hydra
 18073 | Lair:4   | Reached skill level 5 in Conjurations
 18162 | Lair:4   | Noticed a death yak
 18167 | Lair:4   | Noticed a death yak
 18167 | Lair:4   | Noticed a death yak
 18168 | Lair:4   | Noticed a death yak
 18173 | Lair:4   | Noticed a death yak
 18175 | Lair:4   | Killed a death yak
 18184 | Lair:4   | Killed a death yak
 18188 | Lair:4   | Killed a death yak
 18189 | Lair:4   | Reached XP level 13. HP: 60/60 MP: 17/27
 18285 | Lair:4   | Found a bloodstained altar of Trog.
 18295 | Lair:4   | Found a staircase to the Slime Pits.
 18295 | Lair:4   | Found a viscous altar of Jiyva.
 18430 | Lair:4   | Identified the ring of the Solemn God {Drain rN+++ rCorr
                  | Dex+6}
 18476 | Lair:4   | Reached skill level 13 in Dodging
 19192 | Lair:5   | Entered Level 5 of the Lair of Beasts
 19757 | Lair:5   | Reached skill level 10 in Fighting
 20186 | Lair:5   | Reached skill level 10 in Spellcasting
 21512 | Lair:5   | Reached skill level 14 in Dodging
 21543 | Lair:5   | Noticed a dire elephant
 21567 | Lair:5   | Killed a dire elephant
 22057 | Lair:5   | Got the Reference Book on the Molten Wind
 22423 | D:11     | Reached XP level 14. HP: 66/66 MP: 29/29
 23279 | D:12     | Noticed Jorgrun
 23297 | D:12     | Killed Jorgrun
 23298 | D:12     | Reached skill level 15 in Dodging
 23394 | D:13     | Shot with an arrow by a centaur warrior
 23395 | D:13     | Reached XP level 13. HP: -19/63 MP: 0/37
 24837 | D:12     | Found a staircase to the Orcish Mines.
 24926 | D:12     | Reached skill level 16 in Dodging
 25281 | Orc:1    | Entered Level 1 of the Orcish Mines
 25356 | Orc:1    | Learned a level 4 spell: Airstrike
 25386 | Orc:1    | Noticed Gastronok
 25408 | Orc:1    | Killed Gastronok
 25409 | Orc:1    | Reached skill level 1 in Translocations
 26038 | Orc:2    | Entered Level 2 of the Orcish Mines
 26201 | Orc:2    | Found Teesiuv's Firing Range.
 26324 | Orc:2    | Paralysed by an orc sorcerer for 2 turns
 27349 | Orc:2    | Noticed Urug
 27359 | Orc:2    | Killed Urug
 27929 | Orc:2    | Found Wecavegg's Weapon Shoppe.
 28065 | Orc:2    | Reached XP level 14. HP: 69/69 MP: 29/29
 28293 | Orc:2    | Found Udunuq's Distillery.
 28293 | Orc:2    | Found Cuextont's Antique Weapon Shop.
 28295 | Orc:2    | Found Gietuor's Antique Armour Boutique.
 28297 | Orc:2    | Found Irphyaba's Assorted Antiques.
 28301 | Orc:2    | Bought a potion of haste for 180 gold pieces
 28301 | Orc:2    | Bought a potion of cancellation for 144 gold pieces
 28348 | Orc:2    | Found a staircase to the Elven Halls.
 28788 | Orc:2    | Reached skill level 5 in Translocations
 28965 | Orc:2    | Learned a level 4 spell: Passage of Golubria
 29150 | Spider:1 | Entered Level 1 of the Spider Nest
 29448 | Spider:1 | Noticed a ghost moth
 29454 | Spider:1 | Slain by a ghost moth
 29455 | Spider:1 | Reached XP level 13. HP: -1/65 MP: 0/37
 29471 | Spider:1 | Noticed a spark wasp
 29663 | Lair:2   | Learned a level 3 spell: Ignite Poison
 29860 | Elf:1    | Entered Level 1 of the Elven Halls
 30109 | Orc:2    | Bought a book of Scorching for 420 gold pieces
 30210 | D:13     | Found Vyud Vov's Serpentskin Sales.
 30462 | D:13     | Identified the +4 mace of Ibbum {elec, Dex+3}
 30943 | D:14     | Reached skill level 17 in Dodging
 31400 | D:14     | Noticed Agnes
 31427 | D:14     | Killed Agnes
 31687 | Orc:2    | Bought the Discourse on the Distorted Mausoleum for 480
                  | gold pieces
 31692 | Orc:2    | Learned a level 4 spell: Dispel Undead
 31981 | Shoals:1 | Entered Level 1 of the Shoals
 32268 | Orc:2    | Reached skill level 1 in Necromancy
 32726 | D:14     | Found a runed translucent door.
 32727 | D:14     | Noticed a tengu reaver
 32757 | D:15     | Entered Level 15 of the Dungeon
 33779 | D:14     | Reached XP level 14. HP: 70/70 MP: 29/29
 33900 | D:14     | Found a gate to the Vaults.
 37203 | Orc:2    | Bought a scroll of amnesia for 108 gold pieces
 37205 | Orc:2    | Bought a potion of heal wounds for 90 gold pieces
 38470 | Spider:2 | Noticed an emperor scorpion
 38722 | Spider:1 | Bought a potion of curing for 60 gold pieces
 38722 | Spider:1 | Bought a potion of haste for 200 gold pieces
 38722 | Spider:1 | Bought a potion of heal wounds for 100 gold pieces
 38722 | Spider:1 | Bought a potion of heal wounds for 100 gold pieces
 38722 | Spider:1 | Bought a potion of curing for 60 gold pieces
 38722 | Spider:1 | Bought a potion of magic for 160 gold pieces
 38724 | Spider:1 | HP: 1/70 [culicivora (24)]
 41471 | D:15     | Found a staircase to the Depths.
 41569 | D:15     | Found a basalt altar of Yredelemnul.
 42182 | D:15     | Reached skill level 18 in Dodging
 42228 | D:15     | Learned a level 6 spell: Summon Cactus Giant
 42623 | Spider:1 | Identified the +7 chain mail "Haizac" {Int+4}
 42712 | Spider:1 | Killed a ghost moth
 43910 | Spider:2 | Killed an emperor scorpion
 43911 | Spider:2 | Reached skill level 1 in Transmutations
 43924 | Spider:2 | HP: 1/71 [spark wasp (5)]
 43932 | Spider:2 | Mangled by a demonic crawler

Illustrated notes

Levels and vault maps discovered:
D:1:      lightli_arrival_noodles, layout_basic, ebering_ecumenical_altar_ruins
D:2:      layout_basic, serial_rivers, chequers_serial_rivers_small_3,
          chequers_serial_rivers_small_b, chequers_serial_rivers_large_b,
          chequers_serial_rivers_small_3, chequers_serial_rivers_marsh,
          chequers_serial_rivers_marsh
D:3:      layout_loops_ring, nrook_mini_backslash
D:4:      layout_cave_pools, uniq_duvessa, uniq_sigmund, uniq_blork_the_orc
D:5:      layout_gridville, chequers_temple_overflow_statue_of_worship,
          dk_rats_in_the_wall
D:6:      layout_rooms, lemuel_coloured_pillars_altar, minmay_temple_entry_grid,
          nicolae_ossuary_entry_plus, serial_shops, nicolae_stop_n_shop_1,
          st_stairs_10, kennysheep_generic_room_14
D:7:      layout_gridville, uniq_prince_ribbit1
D:8:      layout_basic, mainiacjoe_overflow_catwalk, erik_lair_dragon
D:9:      layout_cave_pools, lemuel_tele_altar, chequers_serial_rivers_micro_e
D:10:     layout_basic, gammafunk_ghost_berserking_beasts, disabler_island
D:11:     layout_rooms, minivault_25_ag
D:12:     layout_big_octagon, orc_0_dummy, portal_ice_cave_entry_ice_simulacra,
          hangedman_ranch, uniq_jorgrun
D:13:     layout_irregular_city, guppyfry_shop_venom
D:14:     layout_rooms, grunt_vaults_entry_tiered, grunt_decor_mini_mirrors,
          kennysheep_treasure_room, uniq_agnes
D:15:     grunt_enter_depths_hoard, layout_layer_cave,
          ebering_dispersal_statue_hall, yredelemnul_forgotten_temple_becter
Temple:   hellmonk_temple_divided_pantheon
Lair:1:   layout_regular_city
Lair:2:   layout_layer_cave, hellmonk_spider_entry_life_and_decay
Lair:3:   layout_cave_pods, minmay_shoals_entry_centaurs, serial_bayou_shore_b
Lair:4:   layout_loops_ring, slime_entry_1, basic_altar, serial_bayou_shore_a,
          grunt_megastairs_2
Lair:5:   grunt_lair_end_beastmaster, layout_regular_city,
          chequers_serial_rivers_room_b, hangedman_lair_generics_rect,
          lemuel_fruit_tree
Shoals:1: nicolae_shoals_mermall, layout_shoals
Spider:1: layout_spider_delve
Spider:2: layout_spider_delve, nicolae_spider_checkerboard, uniq_donald,
          uniq_arachne
Orc:1:    layout_caves, basic_altar, uniq_gastronok
Orc:2:    st_orc_rangers, layout_caves, serial_shops, shop,
          nicolae_orc_damp_corner, nicolae_shop_firing_range, uniq_urug
Elf:1:    minmay_elf_arrival_plus, layout_gridlike,
          kennysheep_underground_church

Skill      XL: |  1  2  3  4  5  6  7  8  9 10 11 12 13 14 |
---------------+-------------------------------------------+-----
Stealth        | 3 |  3.0
Dodging        | 3 4 5 6 8 9 10 11 12 17 18 | 18.2
Spellcasting   | 3 4 5 6 7 8 9 10 11 | 11.2
Hexes          | 2 3 4 5 |  5.0
Summonings     | 5 6 7 8 9 10 11 | 11.6
Fighting       | 1 2 3 4 6 7 8 9 13 11 | 13.9
Air Magic      | 2 4 5 6 7 |  7.1
Poison Magic   | 1 3 5 7 |  7.2
Conjurations   | 1 3 5 7 |  7.0
Translocations | 4 5 |  5.6
Necromancy     | 4 |  4.7
Transmutations | 1 |  1.1

Action                   |  1- 3 |  4- 6 |  7- 9 | 10-12 | 13-15 || total
-------------------------+-------+-------+-------+-------+-------++-------
Melee: Unarmed           |     7 |    32 |    15 |    52 |    58 ||   164
       Bite              |       |     4 |     3 |     7 |    15 ||    29
       Punch             |       |       |       |     1 |     1 ||     2
 Cast: Summon Small Mamm |    29 |    29 |    41 |    32 |    37 ||   168
       Call Imp          |     7 |    13 |    10 |     8 |     6 ||    44
       Call Canine Famil |     1 |    12 |    26 |    35 |    66 ||   140
       Summon Guardian G |       |     5 |    28 |    66 |   209 ||   308
       Summon Lightning  |       |       |       |    77 |   236 ||   313
       Mephitic Cloud    |       |       |       |     3 |    54 ||    57
       Airstrike         |       |       |       |       |    59 ||    59
       Dispel Undead     |       |       |       |       |     6 ||     6
       Ignite Poison     |       |       |       |       |     7 ||     7
       Passage of Golubr |       |       |       |       |     4 ||     4
       Summon Cactus Gia |       |       |       |       |     6 ||     6
Invok: Call Merchant     |       |       |       |       |     3 ||     3
       Potion Petition   |       |       |       |       |     4 ||     4
Evoke: Wand              |       |       |     4 |    20 |    38 ||    62
       Lightning rod     |       |       |       |       |    13 ||    13
  Use: Scroll            |       |     9 |     8 |    11 |    32 ||    60
       Potion            |       |       |       |     5 |    26 ||    31
 Stab: Sleeping          |     1 |     1 |       |     2 |       ||     4
       Distracted        |       |     1 |       |     1 |     1 ||     3
       Paralysed         |       |       |       |       |     7 ||     7
Armor: Skin              |       |       |     2 |     8 |    22 ||    32
Dodge: Dodged            |    13 |    38 |    34 |   129 |   799 ||  1013
